%YAML 1.1
%TAG !u! tag:unity3d.com,2011:
--- !u!1 &4110032746598443689
GameObject:
  m_ObjectHideFlags: 0
  m_CorrespondingSourceObject: {fileID: 0}
  m_PrefabInstance: {fileID: 0}
  m_PrefabAsset: {fileID: 0}
  serializedVersion: 6
  m_Component:
  - component: {fileID: 8496260069462705050}
  m_Layer: 0
  m_Name: AllySpawnPoints
  m_TagString: Untagged
  m_Icon: {fileID: 0}
  m_NavMeshLayer: 0
  m_StaticEditorFlags: 0
  m_IsActive: 1
--- !u!4 &8496260069462705050
Transform:
  m_ObjectHideFlags: 0
  m_CorrespondingSourceObject: {fileID: 0}
  m_PrefabInstance: {fileID: 0}
  m_PrefabAsset: {fileID: 0}
  m_GameObject: {fileID: 4110032746598443689}
  m_LocalRotation: {x: -0, y: -0, z: -0, w: 1}
  m_LocalPosition: {x: 0, y: 0, z: 0}
  m_LocalScale: {x: 1, y: 1, z: 1}
  m_Children:
  - {fileID: 2230577910866809291}
  - {fileID: 2432435977998507431}
  m_Father: {fileID: 7209151643971928766}
  m_RootOrder: 1
  m_LocalEulerAnglesHint: {x: 0, y: 0, z: 0}
--- !u!1 &4243494486081944932
GameObject:
  m_ObjectHideFlags: 0
  m_CorrespondingSourceObject: {fileID: 0}
  m_PrefabInstance: {fileID: 0}
  m_PrefabAsset: {fileID: 0}
  serializedVersion: 6
  m_Component:
  - component: {fileID: 7209151643971928766}
  m_Layer: 0
  m_Name: Level5
  m_TagString: Untagged
  m_Icon: {fileID: 0}
  m_NavMeshLayer: 0
  m_StaticEditorFlags: 0
  m_IsActive: 1
--- !u!4 &7209151643971928766
Transform:
  m_ObjectHideFlags: 0
  m_CorrespondingSourceObject: {fileID: 0}
  m_PrefabInstance: {fileID: 0}
  m_PrefabAsset: {fileID: 0}
  m_GameObject: {fileID: 4243494486081944932}
  m_LocalRotation: {x: 0, y: 0, z: 0, w: 1}
  m_LocalPosition: {x: 0, y: 0, z: 0}
  m_LocalScale: {x: 1, y: 1, z: 1}
  m_Children:
  - {fileID: 7415618465245215985}
  - {fileID: 8496260069462705050}
  - {fileID: 5073800469420948513}
  - {fileID: 35250777042258443}
  - {fileID: 3142695489542202213}
  - {fileID: 5890033662596702687}
  - {fileID: 3967671625470570734}
  - {fileID: 8813501128380871265}
  - {fileID: 8946869977706413554}
  - {fileID: 6053081541413752066}
  m_Father: {fileID: 0}
  m_RootOrder: 0
  m_LocalEulerAnglesHint: {x: 0, y: 0, z: 0}
--- !u!1 &7566043680135376759
GameObject:
  m_ObjectHideFlags: 0
  m_CorrespondingSourceObject: {fileID: 0}
  m_PrefabInstance: {fileID: 0}
  m_PrefabAsset: {fileID: 0}
  serializedVersion: 6
  m_Component:
  - component: {fileID: 5073800469420948513}
  m_Layer: 0
  m_Name: EnemySpawnPoints
  m_TagString: Untagged
  m_Icon: {fileID: 0}
  m_NavMeshLayer: 0
  m_StaticEditorFlags: 0
  m_IsActive: 1
--- !u!4 &5073800469420948513
Transform:
  m_ObjectHideFlags: 0
  m_CorrespondingSourceObject: {fileID: 0}
  m_PrefabInstance: {fileID: 0}
  m_PrefabAsset: {fileID: 0}
  m_GameObject: {fileID: 7566043680135376759}
  m_LocalRotation: {x: -0, y: -0, z: -0, w: 1}
  m_LocalPosition: {x: 0, y: 0, z: 0}
  m_LocalScale: {x: 1, y: 1, z: 1}
  m_Children:
  - {fileID: 1404377918553897338}
  - {fileID: 2646393752185347582}
  m_Father: {fileID: 7209151643971928766}
  m_RootOrder: 2
  m_LocalEulerAnglesHint: {x: 0, y: 0, z: 0}
--- !u!1001 &440353117562909011
PrefabInstance:
  m_ObjectHideFlags: 0
  serializedVersion: 2
  m_Modification:
    m_TransformParent: {fileID: 7209151643971928766}
    m_Modifications:
    - target: {fileID: 5046207047612556066, guid: 90b620610f6f9a847bbd700c980ce8a5, type: 3}
      propertyPath: m_IsActive
      value: 0
      objectReference: {fileID: 0}
    - target: {fileID: 8581744243012770184, guid: 90b620610f6f9a847bbd700c980ce8a5, type: 3}
      propertyPath: m_Name
      value: SwingObstacle1 (3)
      objectReference: {fileID: 0}
    - target: {fileID: 8958691307244995378, guid: 90b620610f6f9a847bbd700c980ce8a5, type: 3}
      propertyPath: m_RootOrder
      value: 7
      objectReference: {fileID: 0}
    - target: {fileID: 8958691307244995378, guid: 90b620610f6f9a847bbd700c980ce8a5, type: 3}
      propertyPath: m_LocalPosition.x
      value: -20
      objectReference: {fileID: 0}
    - target: {fileID: 8958691307244995378, guid: 90b620610f6f9a847bbd700c980ce8a5, type: 3}
      propertyPath: m_LocalPosition.y
      value: 1.5
      objectReference: {fileID: 0}
    - target: {fileID: 8958691307244995378, guid: 90b620610f6f9a847bbd700c980ce8a5, type: 3}
      propertyPath: m_LocalPosition.z
      value: -58.4
      objectReference: {fileID: 0}
    - target: {fileID: 8958691307244995378, guid: 90b620610f6f9a847bbd700c980ce8a5, type: 3}
      propertyPath: m_LocalRotation.w
      value: -0.70710284
      objectReference: {fileID: 0}
    - target: {fileID: 8958691307244995378, guid: 90b620610f6f9a847bbd700c980ce8a5, type: 3}
      propertyPath: m_LocalRotation.x
      value: -0
      objectReference: {fileID: 0}
    - target: {fileID: 8958691307244995378, guid: 90b620610f6f9a847bbd700c980ce8a5, type: 3}
      propertyPath: m_LocalRotation.y
      value: 0.7071108
      objectReference: {fileID: 0}
    - target: {fileID: 8958691307244995378, guid: 90b620610f6f9a847bbd700c980ce8a5, type: 3}
      propertyPath: m_LocalRotation.z
      value: -0
      objectReference: {fileID: 0}
    - target: {fileID: 8958691307244995378, guid: 90b620610f6f9a847bbd700c980ce8a5, type: 3}
      propertyPath: m_LocalEulerAnglesHint.x
      value: 0
      objectReference: {fileID: 0}
    - target: {fileID: 8958691307244995378, guid: 90b620610f6f9a847bbd700c980ce8a5, type: 3}
      propertyPath: m_LocalEulerAnglesHint.y
      value: 269.999
      objectReference: {fileID: 0}
    - target: {fileID: 8958691307244995378, guid: 90b620610f6f9a847bbd700c980ce8a5, type: 3}
      propertyPath: m_LocalEulerAnglesHint.z
      value: 0
      objectReference: {fileID: 0}
    m_RemovedComponents: []
  m_SourcePrefab: {fileID: 100100000, guid: 90b620610f6f9a847bbd700c980ce8a5, type: 3}
--- !u!4 &8813501128380871265 stripped
Transform:
  m_CorrespondingSourceObject: {fileID: 8958691307244995378, guid: 90b620610f6f9a847bbd700c980ce8a5, type: 3}
  m_PrefabInstance: {fileID: 440353117562909011}
  m_PrefabAsset: {fileID: 0}
--- !u!1001 &1340528269413384756
PrefabInstance:
  m_ObjectHideFlags: 0
  serializedVersion: 2
  m_Modification:
    m_TransformParent: {fileID: 5073800469420948513}
    m_Modifications:
    - target: {fileID: 3693209059770686460, guid: 9dcbbc84463b6a947bf3b4bfde293a7e, type: 3}
      propertyPath: SpawnSize
      value: 8
      objectReference: {fileID: 0}
    - target: {fileID: 3693209059770686460, guid: 9dcbbc84463b6a947bf3b4bfde293a7e, type: 3}
      propertyPath: _SpawnDelay
      value: 5
      objectReference: {fileID: 0}
    - target: {fileID: 3901069743797510090, guid: 9dcbbc84463b6a947bf3b4bfde293a7e, type: 3}
      propertyPath: m_RootOrder
      value: 1
      objectReference: {fileID: 0}
    - target: {fileID: 3901069743797510090, guid: 9dcbbc84463b6a947bf3b4bfde293a7e, type: 3}
      propertyPath: m_LocalPosition.x
      value: 20.1
      objectReference: {fileID: 0}
    - target: {fileID: 3901069743797510090, guid: 9dcbbc84463b6a947bf3b4bfde293a7e, type: 3}
      propertyPath: m_LocalPosition.y
      value: 0
      objectReference: {fileID: 0}
    - target: {fileID: 3901069743797510090, guid: 9dcbbc84463b6a947bf3b4bfde293a7e, type: 3}
      propertyPath: m_LocalPosition.z
      value: 60
      objectReference: {fileID: 0}
    - target: {fileID: 3901069743797510090, guid: 9dcbbc84463b6a947bf3b4bfde293a7e, type: 3}
      propertyPath: m_LocalRotation.w
      value: 1
      objectReference: {fileID: 0}
    - target: {fileID: 3901069743797510090, guid: 9dcbbc84463b6a947bf3b4bfde293a7e, type: 3}
      propertyPath: m_LocalRotation.x
      value: -0
      objectReference: {fileID: 0}
    - target: {fileID: 3901069743797510090, guid: 9dcbbc84463b6a947bf3b4bfde293a7e, type: 3}
      propertyPath: m_LocalRotation.y
      value: -0
      objectReference: {fileID: 0}
    - target: {fileID: 3901069743797510090, guid: 9dcbbc84463b6a947bf3b4bfde293a7e, type: 3}
      propertyPath: m_LocalRotation.z
      value: -0
      objectReference: {fileID: 0}
    - target: {fileID: 3901069743797510090, guid: 9dcbbc84463b6a947bf3b4bfde293a7e, type: 3}
      propertyPath: m_LocalEulerAnglesHint.x
      value: 0
      objectReference: {fileID: 0}
    - target: {fileID: 3901069743797510090, guid: 9dcbbc84463b6a947bf3b4bfde293a7e, type: 3}
      propertyPath: m_LocalEulerAnglesHint.y
      value: 0
      objectReference: {fileID: 0}
    - target: {fileID: 3901069743797510090, guid: 9dcbbc84463b6a947bf3b4bfde293a7e, type: 3}
      propertyPath: m_LocalEulerAnglesHint.z
      value: 0
      objectReference: {fileID: 0}
    - target: {fileID: 3901069743797510094, guid: 9dcbbc84463b6a947bf3b4bfde293a7e, type: 3}
      propertyPath: m_Name
      value: SpawnerEnemyFake
      objectReference: {fileID: 0}
    m_RemovedComponents: []
  m_SourcePrefab: {fileID: 100100000, guid: 9dcbbc84463b6a947bf3b4bfde293a7e, type: 3}
--- !u!4 &2646393752185347582 stripped
Transform:
  m_CorrespondingSourceObject: {fileID: 3901069743797510090, guid: 9dcbbc84463b6a947bf3b4bfde293a7e, type: 3}
  m_PrefabInstance: {fileID: 1340528269413384756}
  m_PrefabAsset: {fileID: 0}
--- !u!1001 &1721181966120256109
PrefabInstance:
  m_ObjectHideFlags: 0
  serializedVersion: 2
  m_Modification:
    m_TransformParent: {fileID: 8496260069462705050}
    m_Modifications:
    - target: {fileID: 3693209059770686460, guid: 931cceb7ae665ba48bc577855d17ba39, type: 3}
      propertyPath: SpawnSize
      value: 4
      objectReference: {fileID: 0}
    - target: {fileID: 3693209059770686460, guid: 931cceb7ae665ba48bc577855d17ba39, type: 3}
      propertyPath: _SpawnDelay
      value: 5
      objectReference: {fileID: 0}
    - target: {fileID: 3901069743797510090, guid: 931cceb7ae665ba48bc577855d17ba39, type: 3}
      propertyPath: m_RootOrder
      value: 1
      objectReference: {fileID: 0}
    - target: {fileID: 3901069743797510090, guid: 931cceb7ae665ba48bc577855d17ba39, type: 3}
      propertyPath: m_LocalPosition.x
      value: -20
      objectReference: {fileID: 0}
    - target: {fileID: 3901069743797510090, guid: 931cceb7ae665ba48bc577855d17ba39, type: 3}
      propertyPath: m_LocalPosition.y
      value: 0
      objectReference: {fileID: 0}
    - target: {fileID: 3901069743797510090, guid: 931cceb7ae665ba48bc577855d17ba39, type: 3}
      propertyPath: m_LocalPosition.z
      value: -90
      objectReference: {fileID: 0}
    - target: {fileID: 3901069743797510090, guid: 931cceb7ae665ba48bc577855d17ba39, type: 3}
      propertyPath: m_LocalRotation.w
      value: 1
      objectReference: {fileID: 0}
    - target: {fileID: 3901069743797510090, guid: 931cceb7ae665ba48bc577855d17ba39, type: 3}
      propertyPath: m_LocalRotation.x
      value: -0
      objectReference: {fileID: 0}
    - target: {fileID: 3901069743797510090, guid: 931cceb7ae665ba48bc577855d17ba39, type: 3}
      propertyPath: m_LocalRotation.y
      value: -0
      objectReference: {fileID: 0}
    - target: {fileID: 3901069743797510090, guid: 931cceb7ae665ba48bc577855d17ba39, type: 3}
      propertyPath: m_LocalRotation.z
      value: -0
      objectReference: {fileID: 0}
    - target: {fileID: 3901069743797510090, guid: 931cceb7ae665ba48bc577855d17ba39, type: 3}
      propertyPath: m_LocalEulerAnglesHint.x
      value: 0
      objectReference: {fileID: 0}
    - target: {fileID: 3901069743797510090, guid: 931cceb7ae665ba48bc577855d17ba39, type: 3}
      propertyPath: m_LocalEulerAnglesHint.y
      value: 0
      objectReference: {fileID: 0}
    - target: {fileID: 3901069743797510090, guid: 931cceb7ae665ba48bc577855d17ba39, type: 3}
      propertyPath: m_LocalEulerAnglesHint.z
      value: 0
      objectReference: {fileID: 0}
    - target: {fileID: 3901069743797510094, guid: 931cceb7ae665ba48bc577855d17ba39, type: 3}
      propertyPath: m_Name
      value: Spawner (1)
      objectReference: {fileID: 0}
    - target: {fileID: 3901069743797510094, guid: 931cceb7ae665ba48bc577855d17ba39, type: 3}
      propertyPath: m_IsActive
      value: 1
      objectReference: {fileID: 0}
    m_RemovedComponents: []
  m_SourcePrefab: {fileID: 100100000, guid: 931cceb7ae665ba48bc577855d17ba39, type: 3}
--- !u!4 &2432435977998507431 stripped
Transform:
  m_CorrespondingSourceObject: {fileID: 3901069743797510090, guid: 931cceb7ae665ba48bc577855d17ba39, type: 3}
  m_PrefabInstance: {fileID: 1721181966120256109}
  m_PrefabAsset: {fileID: 0}
--- !u!1001 &2692651224944977584
PrefabInstance:
  m_ObjectHideFlags: 0
  serializedVersion: 2
  m_Modification:
    m_TransformParent: {fileID: 5073800469420948513}
    m_Modifications:
    - target: {fileID: 3693209059770686460, guid: c6a64837bf9291a42a346ccd1ad278b8, type: 3}
      propertyPath: SpawnSize
      value: 10
      objectReference: {fileID: 0}
    - target: {fileID: 3693209059770686460, guid: c6a64837bf9291a42a346ccd1ad278b8, type: 3}
      propertyPath: _SpawnDelay
      value: 5
      objectReference: {fileID: 0}
    - target: {fileID: 3901069743797510090, guid: c6a64837bf9291a42a346ccd1ad278b8, type: 3}
      propertyPath: m_RootOrder
      value: 0
      objectReference: {fileID: 0}
    - target: {fileID: 3901069743797510090, guid: c6a64837bf9291a42a346ccd1ad278b8, type: 3}
      propertyPath: m_LocalPosition.x
      value: -20.1
      objectReference: {fileID: 0}
    - target: {fileID: 3901069743797510090, guid: c6a64837bf9291a42a346ccd1ad278b8, type: 3}
      propertyPath: m_LocalPosition.y
      value: 0
      objectReference: {fileID: 0}
    - target: {fileID: 3901069743797510090, guid: c6a64837bf9291a42a346ccd1ad278b8, type: 3}
      propertyPath: m_LocalPosition.z
      value: 60
      objectReference: {fileID: 0}
    - target: {fileID: 3901069743797510090, guid: c6a64837bf9291a42a346ccd1ad278b8, type: 3}
      propertyPath: m_LocalRotation.w
      value: 1
      objectReference: {fileID: 0}
    - target: {fileID: 3901069743797510090, guid: c6a64837bf9291a42a346ccd1ad278b8, type: 3}
      propertyPath: m_LocalRotation.x
      value: -0
      objectReference: {fileID: 0}
    - target: {fileID: 3901069743797510090, guid: c6a64837bf9291a42a346ccd1ad278b8, type: 3}
      propertyPath: m_LocalRotation.y
      value: -0
      objectReference: {fileID: 0}
    - target: {fileID: 3901069743797510090, guid: c6a64837bf9291a42a346ccd1ad278b8, type: 3}
      propertyPath: m_LocalRotation.z
      value: -0
      objectReference: {fileID: 0}
    - target: {fileID: 3901069743797510090, guid: c6a64837bf9291a42a346ccd1ad278b8, type: 3}
      propertyPath: m_LocalEulerAnglesHint.x
      value: 0
      objectReference: {fileID: 0}
    - target: {fileID: 3901069743797510090, guid: c6a64837bf9291a42a346ccd1ad278b8, type: 3}
      propertyPath: m_LocalEulerAnglesHint.y
      value: 0
      objectReference: {fileID: 0}
    - target: {fileID: 3901069743797510090, guid: c6a64837bf9291a42a346ccd1ad278b8, type: 3}
      propertyPath: m_LocalEulerAnglesHint.z
      value: 0
      objectReference: {fileID: 0}
    - target: {fileID: 3901069743797510094, guid: c6a64837bf9291a42a346ccd1ad278b8, type: 3}
      propertyPath: m_Name
      value: SpawnerCastle
      objectReference: {fileID: 0}
    - target: {fileID: 4283699853000715030, guid: c6a64837bf9291a42a346ccd1ad278b8, type: 3}
      propertyPath: m_AnchoredPosition.x
      value: 15
      objectReference: {fileID: 0}
    m_RemovedComponents: []
  m_SourcePrefab: {fileID: 100100000, guid: c6a64837bf9291a42a346ccd1ad278b8, type: 3}
--- !u!4 &1404377918553897338 stripped
Transform:
  m_CorrespondingSourceObject: {fileID: 3901069743797510090, guid: c6a64837bf9291a42a346ccd1ad278b8, type: 3}
  m_PrefabInstance: {fileID: 2692651224944977584}
  m_PrefabAsset: {fileID: 0}
--- !u!1001 &2943094152396508673
PrefabInstance:
  m_ObjectHideFlags: 0
  serializedVersion: 2
  m_Modification:
    m_TransformParent: {fileID: 8496260069462705050}
    m_Modifications:
    - target: {fileID: 3693209059770686460, guid: 931cceb7ae665ba48bc577855d17ba39, type: 3}
      propertyPath: SpawnSize
      value: 4
      objectReference: {fileID: 0}
    - target: {fileID: 3693209059770686460, guid: 931cceb7ae665ba48bc577855d17ba39, type: 3}
      propertyPath: _SpawnDelay
      value: 5
      objectReference: {fileID: 0}
    - target: {fileID: 3901069743797510090, guid: 931cceb7ae665ba48bc577855d17ba39, type: 3}
      propertyPath: m_RootOrder
      value: 0
      objectReference: {fileID: 0}
    - target: {fileID: 3901069743797510090, guid: 931cceb7ae665ba48bc577855d17ba39, type: 3}
      propertyPath: m_LocalPosition.x
      value: 20
      objectReference: {fileID: 0}
    - target: {fileID: 3901069743797510090, guid: 931cceb7ae665ba48bc577855d17ba39, type: 3}
      propertyPath: m_LocalPosition.y
      value: 0
      objectReference: {fileID: 0}
    - target: {fileID: 3901069743797510090, guid: 931cceb7ae665ba48bc577855d17ba39, type: 3}
      propertyPath: m_LocalPosition.z
      value: -90
      objectReference: {fileID: 0}
    - target: {fileID: 3901069743797510090, guid: 931cceb7ae665ba48bc577855d17ba39, type: 3}
      propertyPath: m_LocalRotation.w
      value: 1
      objectReference: {fileID: 0}
    - target: {fileID: 3901069743797510090, guid: 931cceb7ae665ba48bc577855d17ba39, type: 3}
      propertyPath: m_LocalRotation.x
      value: -0
      objectReference: {fileID: 0}
    - target: {fileID: 3901069743797510090, guid: 931cceb7ae665ba48bc577855d17ba39, type: 3}
      propertyPath: m_LocalRotation.y
      value: -0
      objectReference: {fileID: 0}
    - target: {fileID: 3901069743797510090, guid: 931cceb7ae665ba48bc577855d17ba39, type: 3}
      propertyPath: m_LocalRotation.z
      value: -0
      objectReference: {fileID: 0}
    - target: {fileID: 3901069743797510090, guid: 931cceb7ae665ba48bc577855d17ba39, type: 3}
      propertyPath: m_LocalEulerAnglesHint.x
      value: 0
      objectReference: {fileID: 0}
    - target: {fileID: 3901069743797510090, guid: 931cceb7ae665ba48bc577855d17ba39, type: 3}
      propertyPath: m_LocalEulerAnglesHint.y
      value: 0
      objectReference: {fileID: 0}
    - target: {fileID: 3901069743797510090, guid: 931cceb7ae665ba48bc577855d17ba39, type: 3}
      propertyPath: m_LocalEulerAnglesHint.z
      value: 0
      objectReference: {fileID: 0}
    - target: {fileID: 3901069743797510094, guid: 931cceb7ae665ba48bc577855d17ba39, type: 3}
      propertyPath: m_Name
      value: Spawner
      objectReference: {fileID: 0}
    m_RemovedComponents: []
  m_SourcePrefab: {fileID: 100100000, guid: 931cceb7ae665ba48bc577855d17ba39, type: 3}
--- !u!4 &2230577910866809291 stripped
Transform:
  m_CorrespondingSourceObject: {fileID: 3901069743797510090, guid: 931cceb7ae665ba48bc577855d17ba39, type: 3}
  m_PrefabInstance: {fileID: 2943094152396508673}
  m_PrefabAsset: {fileID: 0}
--- !u!1001 &3309635757045228269
PrefabInstance:
  m_ObjectHideFlags: 0
  serializedVersion: 2
  m_Modification:
    m_TransformParent: {fileID: 7209151643971928766}
    m_Modifications:
    - target: {fileID: 5046207047612556066, guid: 90b620610f6f9a847bbd700c980ce8a5, type: 3}
      propertyPath: m_IsActive
      value: 0
      objectReference: {fileID: 0}
    - target: {fileID: 8581744243012770184, guid: 90b620610f6f9a847bbd700c980ce8a5, type: 3}
      propertyPath: m_Name
      value: SwingObstacle1 (1)
      objectReference: {fileID: 0}
    - target: {fileID: 8958691307244995378, guid: 90b620610f6f9a847bbd700c980ce8a5, type: 3}
      propertyPath: m_RootOrder
      value: 5
      objectReference: {fileID: 0}
    - target: {fileID: 8958691307244995378, guid: 90b620610f6f9a847bbd700c980ce8a5, type: 3}
      propertyPath: m_LocalPosition.x
      value: 20
      objectReference: {fileID: 0}
    - target: {fileID: 8958691307244995378, guid: 90b620610f6f9a847bbd700c980ce8a5, type: 3}
      propertyPath: m_LocalPosition.y
      value: 1.5
      objectReference: {fileID: 0}
    - target: {fileID: 8958691307244995378, guid: 90b620610f6f9a847bbd700c980ce8a5, type: 3}
      propertyPath: m_LocalPosition.z
      value: 23.8
      objectReference: {fileID: 0}
    - target: {fileID: 8958691307244995378, guid: 90b620610f6f9a847bbd700c980ce8a5, type: 3}
      propertyPath: m_LocalRotation.w
      value: 0.7071088
      objectReference: {fileID: 0}
    - target: {fileID: 8958691307244995378, guid: 90b620610f6f9a847bbd700c980ce8a5, type: 3}
      propertyPath: m_LocalRotation.x
      value: -0
      objectReference: {fileID: 0}
    - target: {fileID: 8958691307244995378, guid: 90b620610f6f9a847bbd700c980ce8a5, type: 3}
      propertyPath: m_LocalRotation.y
      value: 0.70710486
      objectReference: {fileID: 0}
    - target: {fileID: 8958691307244995378, guid: 90b620610f6f9a847bbd700c980ce8a5, type: 3}
      propertyPath: m_LocalRotation.z
      value: -0
      objectReference: {fileID: 0}
    - target: {fileID: 8958691307244995378, guid: 90b620610f6f9a847bbd700c980ce8a5, type: 3}
      propertyPath: m_LocalEulerAnglesHint.x
      value: 0
      objectReference: {fileID: 0}
    - target: {fileID: 8958691307244995378, guid: 90b620610f6f9a847bbd700c980ce8a5, type: 3}
      propertyPath: m_LocalEulerAnglesHint.y
      value: 90
      objectReference: {fileID: 0}
    - target: {fileID: 8958691307244995378, guid: 90b620610f6f9a847bbd700c980ce8a5, type: 3}
      propertyPath: m_LocalEulerAnglesHint.z
      value: 0
      objectReference: {fileID: 0}
    m_RemovedComponents: []
  m_SourcePrefab: {fileID: 100100000, guid: 90b620610f6f9a847bbd700c980ce8a5, type: 3}
--- !u!4 &5890033662596702687 stripped
Transform:
  m_CorrespondingSourceObject: {fileID: 8958691307244995378, guid: 90b620610f6f9a847bbd700c980ce8a5, type: 3}
  m_PrefabInstance: {fileID: 3309635757045228269}
  m_PrefabAsset: {fileID: 0}
--- !u!1001 &5423365383474525148
PrefabInstance:
  m_ObjectHideFlags: 0
  serializedVersion: 2
  m_Modification:
    m_TransformParent: {fileID: 7209151643971928766}
    m_Modifications:
    - target: {fileID: 5046207047612556066, guid: 90b620610f6f9a847bbd700c980ce8a5, type: 3}
      propertyPath: m_IsActive
      value: 0
      objectReference: {fileID: 0}
    - target: {fileID: 8581744243012770184, guid: 90b620610f6f9a847bbd700c980ce8a5, type: 3}
      propertyPath: m_Name
      value: SwingObstacle1 (2)
      objectReference: {fileID: 0}
    - target: {fileID: 8958691307244995378, guid: 90b620610f6f9a847bbd700c980ce8a5, type: 3}
      propertyPath: m_RootOrder
      value: 6
      objectReference: {fileID: 0}
    - target: {fileID: 8958691307244995378, guid: 90b620610f6f9a847bbd700c980ce8a5, type: 3}
      propertyPath: m_LocalPosition.x
      value: 20
      objectReference: {fileID: 0}
    - target: {fileID: 8958691307244995378, guid: 90b620610f6f9a847bbd700c980ce8a5, type: 3}
      propertyPath: m_LocalPosition.y
      value: 1.5
      objectReference: {fileID: 0}
    - target: {fileID: 8958691307244995378, guid: 90b620610f6f9a847bbd700c980ce8a5, type: 3}
      propertyPath: m_LocalPosition.z
      value: -46.3
      objectReference: {fileID: 0}
    - target: {fileID: 8958691307244995378, guid: 90b620610f6f9a847bbd700c980ce8a5, type: 3}
      propertyPath: m_LocalRotation.w
      value: 0.70710874
      objectReference: {fileID: 0}
    - target: {fileID: 8958691307244995378, guid: 90b620610f6f9a847bbd700c980ce8a5, type: 3}
      propertyPath: m_LocalRotation.x
      value: -0
      objectReference: {fileID: 0}
    - target: {fileID: 8958691307244995378, guid: 90b620610f6f9a847bbd700c980ce8a5, type: 3}
      propertyPath: m_LocalRotation.y
      value: 0.7071049
      objectReference: {fileID: 0}
    - target: {fileID: 8958691307244995378, guid: 90b620610f6f9a847bbd700c980ce8a5, type: 3}
      propertyPath: m_LocalRotation.z
      value: -0
      objectReference: {fileID: 0}
    - target: {fileID: 8958691307244995378, guid: 90b620610f6f9a847bbd700c980ce8a5, type: 3}
      propertyPath: m_LocalEulerAnglesHint.x
      value: 0
      objectReference: {fileID: 0}
    - target: {fileID: 8958691307244995378, guid: 90b620610f6f9a847bbd700c980ce8a5, type: 3}
      propertyPath: m_LocalEulerAnglesHint.y
      value: 90
      objectReference: {fileID: 0}
    - target: {fileID: 8958691307244995378, guid: 90b620610f6f9a847bbd700c980ce8a5, type: 3}
      propertyPath: m_LocalEulerAnglesHint.z
      value: 0
      objectReference: {fileID: 0}
    m_RemovedComponents: []
  m_SourcePrefab: {fileID: 100100000, guid: 90b620610f6f9a847bbd700c980ce8a5, type: 3}
--- !u!4 &3967671625470570734 stripped
Transform:
  m_CorrespondingSourceObject: {fileID: 8958691307244995378, guid: 90b620610f6f9a847bbd700c980ce8a5, type: 3}
  m_PrefabInstance: {fileID: 5423365383474525148}
  m_PrefabAsset: {fileID: 0}
--- !u!1001 &5558202973803114154
PrefabInstance:
  m_ObjectHideFlags: 0
  serializedVersion: 2
  m_Modification:
    m_TransformParent: {fileID: 7209151643971928766}
    m_Modifications:
    - target: {fileID: 2085674760098323675, guid: ed04e03af169ce342894926eb0237040, type: 3}
      propertyPath: Collectables.Array.size
      value: 10
      objectReference: {fileID: 0}
    - target: {fileID: 2085674760098323675, guid: ed04e03af169ce342894926eb0237040, type: 3}
      propertyPath: Collectables.Array.data[0].ActiveValue
      value: 5
      objectReference: {fileID: 0}
    - target: {fileID: 2085674760098323675, guid: ed04e03af169ce342894926eb0237040, type: 3}
      propertyPath: Collectables.Array.data[0].Probability
      value: 5
      objectReference: {fileID: 0}
    - target: {fileID: 2085674760098323675, guid: ed04e03af169ce342894926eb0237040, type: 3}
      propertyPath: Collectables.Array.data[1].ActiveValue
      value: 10
      objectReference: {fileID: 0}
    - target: {fileID: 2085674760098323675, guid: ed04e03af169ce342894926eb0237040, type: 3}
      propertyPath: Collectables.Array.data[1].Probability
      value: 5
      objectReference: {fileID: 0}
    - target: {fileID: 2085674760098323675, guid: ed04e03af169ce342894926eb0237040, type: 3}
      propertyPath: Collectables.Array.data[2].ActiveValue
      value: 15
      objectReference: {fileID: 0}
    - target: {fileID: 2085674760098323675, guid: ed04e03af169ce342894926eb0237040, type: 3}
      propertyPath: Collectables.Array.data[2].Probability
      value: 5
      objectReference: {fileID: 0}
    - target: {fileID: 2085674760098323675, guid: ed04e03af169ce342894926eb0237040, type: 3}
      propertyPath: Collectables.Array.data[3].ActiveValue
      value: 5
      objectReference: {fileID: 0}
    - target: {fileID: 2085674760098323675, guid: ed04e03af169ce342894926eb0237040, type: 3}
      propertyPath: Collectables.Array.data[3].Probability
      value: 10
      objectReference: {fileID: 0}
    - target: {fileID: 2085674760098323675, guid: ed04e03af169ce342894926eb0237040, type: 3}
      propertyPath: Collectables.Array.data[4].ActiveValue
      value: 10
      objectReference: {fileID: 0}
    - target: {fileID: 2085674760098323675, guid: ed04e03af169ce342894926eb0237040, type: 3}
      propertyPath: Collectables.Array.data[4].Probability
      value: 10
      objectReference: {fileID: 0}
    - target: {fileID: 2085674760098323675, guid: ed04e03af169ce342894926eb0237040, type: 3}
      propertyPath: Collectables.Array.data[5].ActiveValue
      value: 15
      objectReference: {fileID: 0}
    - target: {fileID: 2085674760098323675, guid: ed04e03af169ce342894926eb0237040, type: 3}
      propertyPath: Collectables.Array.data[5].Probability
      value: 10
      objectReference: {fileID: 0}
    - target: {fileID: 2085674760098323675, guid: ed04e03af169ce342894926eb0237040, type: 3}
      propertyPath: Collectables.Array.data[6].ActiveValue
      value: 2
      objectReference: {fileID: 0}
    - target: {fileID: 2085674760098323675, guid: ed04e03af169ce342894926eb0237040, type: 3}
      propertyPath: Collectables.Array.data[6].Probability
      value: 10
      objectReference: {fileID: 0}
    - target: {fileID: 2085674760098323675, guid: ed04e03af169ce342894926eb0237040, type: 3}
      propertyPath: Collectables.Array.data[7].ActiveValue
      value: 3
      objectReference: {fileID: 0}
    - target: {fileID: 2085674760098323675, guid: ed04e03af169ce342894926eb0237040, type: 3}
      propertyPath: Collectables.Array.data[7].Probability
      value: 5
      objectReference: {fileID: 0}
    - target: {fileID: 2085674760098323675, guid: ed04e03af169ce342894926eb0237040, type: 3}
      propertyPath: Collectables.Array.data[8].ActiveValue
      value: 2
      objectReference: {fileID: 0}
    - target: {fileID: 2085674760098323675, guid: ed04e03af169ce342894926eb0237040, type: 3}
      propertyPath: Collectables.Array.data[8].Probability
      value: 5
      objectReference: {fileID: 0}
    - target: {fileID: 2085674760098323675, guid: ed04e03af169ce342894926eb0237040, type: 3}
      propertyPath: Collectables.Array.data[9].ActiveValue
      value: 3
      objectReference: {fileID: 0}
    - target: {fileID: 2085674760098323675, guid: ed04e03af169ce342894926eb0237040, type: 3}
      propertyPath: Collectables.Array.data[9].Probability
      value: 5
      objectReference: {fileID: 0}
    - target: {fileID: 2085674760098323675, guid: ed04e03af169ce342894926eb0237040, type: 3}
      propertyPath: Collectables.Array.data[10].ActiveValue
      value: 5
      objectReference: {fileID: 0}
    - target: {fileID: 2085674760098323675, guid: ed04e03af169ce342894926eb0237040, type: 3}
      propertyPath: Collectables.Array.data[10].Probability
      value: 1.8
      objectReference: {fileID: 0}
    - target: {fileID: 2085674760098323675, guid: ed04e03af169ce342894926eb0237040, type: 3}
      propertyPath: Collectables.Array.data[2].CollectableId
      value: 11
      objectReference: {fileID: 0}
    - target: {fileID: 2085674760098323675, guid: ed04e03af169ce342894926eb0237040, type: 3}
      propertyPath: Collectables.Array.data[3].CollectableId
      value: 10
      objectReference: {fileID: 0}
    - target: {fileID: 2085674760098323675, guid: ed04e03af169ce342894926eb0237040, type: 3}
      propertyPath: Collectables.Array.data[5].CollectableId
      value: 10
      objectReference: {fileID: 0}
    - target: {fileID: 2085674760098323675, guid: ed04e03af169ce342894926eb0237040, type: 3}
      propertyPath: Collectables.Array.data[6].CollectableId
      value: 9
      objectReference: {fileID: 0}
    - target: {fileID: 2085674760098323675, guid: ed04e03af169ce342894926eb0237040, type: 3}
      propertyPath: Collectables.Array.data[7].CollectableId
      value: 9
      objectReference: {fileID: 0}
    - target: {fileID: 2085674760098323675, guid: ed04e03af169ce342894926eb0237040, type: 3}
      propertyPath: Collectables.Array.data[8].CollectableId
      value: 12
      objectReference: {fileID: 0}
    - target: {fileID: 2085674760098323675, guid: ed04e03af169ce342894926eb0237040, type: 3}
      propertyPath: Collectables.Array.data[9].CollectableId
      value: 12
      objectReference: {fileID: 0}
    - target: {fileID: 3155657280042127963, guid: ed04e03af169ce342894926eb0237040, type: 3}
      propertyPath: m_RootOrder
      value: 0
      objectReference: {fileID: 0}
    - target: {fileID: 3155657280042127963, guid: ed04e03af169ce342894926eb0237040, type: 3}
      propertyPath: m_LocalPosition.x
      value: 0
      objectReference: {fileID: 0}
    - target: {fileID: 3155657280042127963, guid: ed04e03af169ce342894926eb0237040, type: 3}
      propertyPath: m_LocalPosition.y
      value: 0
      objectReference: {fileID: 0}
    - target: {fileID: 3155657280042127963, guid: ed04e03af169ce342894926eb0237040, type: 3}
      propertyPath: m_LocalPosition.z
      value: 0
      objectReference: {fileID: 0}
    - target: {fileID: 3155657280042127963, guid: ed04e03af169ce342894926eb0237040, type: 3}
      propertyPath: m_LocalRotation.w
      value: 1
      objectReference: {fileID: 0}
    - target: {fileID: 3155657280042127963, guid: ed04e03af169ce342894926eb0237040, type: 3}
      propertyPath: m_LocalRotation.x
      value: 0
      objectReference: {fileID: 0}
    - target: {fileID: 3155657280042127963, guid: ed04e03af169ce342894926eb0237040, type: 3}
      propertyPath: m_LocalRotation.y
      value: 0
      objectReference: {fileID: 0}
    - target: {fileID: 3155657280042127963, guid: ed04e03af169ce342894926eb0237040, type: 3}
      propertyPath: m_LocalRotation.z
      value: 0
      objectReference: {fileID: 0}
    - target: {fileID: 3155657280042127963, guid: ed04e03af169ce342894926eb0237040, type: 3}
      propertyPath: m_LocalEulerAnglesHint.x
      value: 0
      objectReference: {fileID: 0}
    - target: {fileID: 3155657280042127963, guid: ed04e03af169ce342894926eb0237040, type: 3}
      propertyPath: m_LocalEulerAnglesHint.y
      value: 0
      objectReference: {fileID: 0}
    - target: {fileID: 3155657280042127963, guid: ed04e03af169ce342894926eb0237040, type: 3}
      propertyPath: m_LocalEulerAnglesHint.z
      value: 0
      objectReference: {fileID: 0}
    - target: {fileID: 7807389820996645179, guid: ed04e03af169ce342894926eb0237040, type: 3}
      propertyPath: m_Name
      value: ProjectileSupplier
      objectReference: {fileID: 0}
    m_RemovedComponents: []
  m_SourcePrefab: {fileID: 100100000, guid: ed04e03af169ce342894926eb0237040, type: 3}
--- !u!4 &7415618465245215985 stripped
Transform:
  m_CorrespondingSourceObject: {fileID: 3155657280042127963, guid: ed04e03af169ce342894926eb0237040, type: 3}
  m_PrefabInstance: {fileID: 5558202973803114154}
  m_PrefabAsset: {fileID: 0}
--- !u!1001 &6327190939648745559
PrefabInstance:
  m_ObjectHideFlags: 0
  serializedVersion: 2
  m_Modification:
    m_TransformParent: {fileID: 7209151643971928766}
    m_Modifications:
    - target: {fileID: 5046207047612556066, guid: 90b620610f6f9a847bbd700c980ce8a5, type: 3}
      propertyPath: m_IsActive
      value: 0
      objectReference: {fileID: 0}
    - target: {fileID: 8581744243012770184, guid: 90b620610f6f9a847bbd700c980ce8a5, type: 3}
      propertyPath: m_Name
      value: SwingObstacle1
      objectReference: {fileID: 0}
    - target: {fileID: 8958691307244995378, guid: 90b620610f6f9a847bbd700c980ce8a5, type: 3}
      propertyPath: m_RootOrder
      value: 4
      objectReference: {fileID: 0}
    - target: {fileID: 8958691307244995378, guid: 90b620610f6f9a847bbd700c980ce8a5, type: 3}
      propertyPath: m_LocalPosition.x
      value: -20
      objectReference: {fileID: 0}
    - target: {fileID: 8958691307244995378, guid: 90b620610f6f9a847bbd700c980ce8a5, type: 3}
      propertyPath: m_LocalPosition.y
      value: 1.5
      objectReference: {fileID: 0}
    - target: {fileID: 8958691307244995378, guid: 90b620610f6f9a847bbd700c980ce8a5, type: 3}
      propertyPath: m_LocalPosition.z
      value: 10.499999
      objectReference: {fileID: 0}
    - target: {fileID: 8958691307244995378, guid: 90b620610f6f9a847bbd700c980ce8a5, type: 3}
      propertyPath: m_LocalRotation.w
      value: 0.70710695
      objectReference: {fileID: 0}
    - target: {fileID: 8958691307244995378, guid: 90b620610f6f9a847bbd700c980ce8a5, type: 3}
      propertyPath: m_LocalRotation.x
      value: -0
      objectReference: {fileID: 0}
    - target: {fileID: 8958691307244995378, guid: 90b620610f6f9a847bbd700c980ce8a5, type: 3}
      propertyPath: m_LocalRotation.y
      value: -0.7071067
      objectReference: {fileID: 0}
    - target: {fileID: 8958691307244995378, guid: 90b620610f6f9a847bbd700c980ce8a5, type: 3}
      propertyPath: m_LocalRotation.z
      value: -0
      objectReference: {fileID: 0}
    - target: {fileID: 8958691307244995378, guid: 90b620610f6f9a847bbd700c980ce8a5, type: 3}
      propertyPath: m_LocalEulerAnglesHint.x
      value: 0
      objectReference: {fileID: 0}
    - target: {fileID: 8958691307244995378, guid: 90b620610f6f9a847bbd700c980ce8a5, type: 3}
      propertyPath: m_LocalEulerAnglesHint.y
      value: -90
      objectReference: {fileID: 0}
    - target: {fileID: 8958691307244995378, guid: 90b620610f6f9a847bbd700c980ce8a5, type: 3}
      propertyPath: m_LocalEulerAnglesHint.z
      value: 0
      objectReference: {fileID: 0}
    m_RemovedComponents: []
  m_SourcePrefab: {fileID: 100100000, guid: 90b620610f6f9a847bbd700c980ce8a5, type: 3}
--- !u!4 &3142695489542202213 stripped
Transform:
  m_CorrespondingSourceObject: {fileID: 8958691307244995378, guid: 90b620610f6f9a847bbd700c980ce8a5, type: 3}
  m_PrefabInstance: {fileID: 6327190939648745559}
  m_PrefabAsset: {fileID: 0}
--- !u!1001 &6575283308029163622
PrefabInstance:
  m_ObjectHideFlags: 0
  serializedVersion: 2
  m_Modification:
    m_TransformParent: {fileID: 7209151643971928766}
    m_Modifications:
    - target: {fileID: 291349068580564958, guid: 80171b8bcee45924ba8c53766a8c2c37, type: 3}
      propertyPath: m_Name
      value: PoolCircle (1)
      objectReference: {fileID: 0}
    - target: {fileID: 1099094653842683236, guid: 80171b8bcee45924ba8c53766a8c2c37, type: 3}
      propertyPath: m_RootOrder
      value: 9
      objectReference: {fileID: 0}
    - target: {fileID: 1099094653842683236, guid: 80171b8bcee45924ba8c53766a8c2c37, type: 3}
      propertyPath: m_LocalPosition.x
      value: -45
      objectReference: {fileID: 0}
    - target: {fileID: 1099094653842683236, guid: 80171b8bcee45924ba8c53766a8c2c37, type: 3}
      propertyPath: m_LocalPosition.y
      value: 0.099999
      objectReference: {fileID: 0}
    - target: {fileID: 1099094653842683236, guid: 80171b8bcee45924ba8c53766a8c2c37, type: 3}
      propertyPath: m_LocalPosition.z
      value: -13.75
      objectReference: {fileID: 0}
    - target: {fileID: 1099094653842683236, guid: 80171b8bcee45924ba8c53766a8c2c37, type: 3}
      propertyPath: m_LocalRotation.w
      value: 1
      objectReference: {fileID: 0}
    - target: {fileID: 1099094653842683236, guid: 80171b8bcee45924ba8c53766a8c2c37, type: 3}
      propertyPath: m_LocalRotation.x
      value: 0.000000021855694
      objectReference: {fileID: 0}
    - target: {fileID: 1099094653842683236, guid: 80171b8bcee45924ba8c53766a8c2c37, type: 3}
      propertyPath: m_LocalRotation.y
      value: -0
      objectReference: {fileID: 0}
    - target: {fileID: 1099094653842683236, guid: 80171b8bcee45924ba8c53766a8c2c37, type: 3}
      propertyPath: m_LocalRotation.z
      value: -0
      objectReference: {fileID: 0}
    - target: {fileID: 1099094653842683236, guid: 80171b8bcee45924ba8c53766a8c2c37, type: 3}
      propertyPath: m_LocalEulerAnglesHint.x
      value: 0
      objectReference: {fileID: 0}
    - target: {fileID: 1099094653842683236, guid: 80171b8bcee45924ba8c53766a8c2c37, type: 3}
      propertyPath: m_LocalEulerAnglesHint.y
      value: 0
      objectReference: {fileID: 0}
    - target: {fileID: 1099094653842683236, guid: 80171b8bcee45924ba8c53766a8c2c37, type: 3}
      propertyPath: m_LocalEulerAnglesHint.z
      value: 0
      objectReference: {fileID: 0}
    m_RemovedComponents: []
  m_SourcePrefab: {fileID: 100100000, guid: 80171b8bcee45924ba8c53766a8c2c37, type: 3}
--- !u!4 &6053081541413752066 stripped
Transform:
  m_CorrespondingSourceObject: {fileID: 1099094653842683236, guid: 80171b8bcee45924ba8c53766a8c2c37, type: 3}
  m_PrefabInstance: {fileID: 6575283308029163622}
  m_PrefabAsset: {fileID: 0}
--- !u!1001 &7425353254647968006
PrefabInstance:
  m_ObjectHideFlags: 0
  serializedVersion: 2
  m_Modification:
    m_TransformParent: {fileID: 7209151643971928766}
    m_Modifications:
    - target: {fileID: 6218563862903881105, guid: 09388b17e4ec04640a285acc8ea45938, type: 3}
      propertyPath: m_Name
      value: Environment2
      objectReference: {fileID: 0}
    - target: {fileID: 7453768634087521037, guid: 09388b17e4ec04640a285acc8ea45938, type: 3}
      propertyPath: m_RootOrder
      value: 3
      objectReference: {fileID: 0}
    - target: {fileID: 7453768634087521037, guid: 09388b17e4ec04640a285acc8ea45938, type: 3}
      propertyPath: m_LocalPosition.x
      value: 0
      objectReference: {fileID: 0}
    - target: {fileID: 7453768634087521037, guid: 09388b17e4ec04640a285acc8ea45938, type: 3}
      propertyPath: m_LocalPosition.y
      value: 0
      objectReference: {fileID: 0}
    - target: {fileID: 7453768634087521037, guid: 09388b17e4ec04640a285acc8ea45938, type: 3}
      propertyPath: m_LocalPosition.z
      value: 0
      objectReference: {fileID: 0}
    - target: {fileID: 7453768634087521037, guid: 09388b17e4ec04640a285acc8ea45938, type: 3}
      propertyPath: m_LocalRotation.w
      value: 1
      objectReference: {fileID: 0}
    - target: {fileID: 7453768634087521037, guid: 09388b17e4ec04640a285acc8ea45938, type: 3}
      propertyPath: m_LocalRotation.x
      value: 0
      objectReference: {fileID: 0}
    - target: {fileID: 7453768634087521037, guid: 09388b17e4ec04640a285acc8ea45938, type: 3}
      propertyPath: m_LocalRotation.y
      value: 0
      objectReference: {fileID: 0}
    - target: {fileID: 7453768634087521037, guid: 09388b17e4ec04640a285acc8ea45938, type: 3}
      propertyPath: m_LocalRotation.z
      value: 0
      objectReference: {fileID: 0}
    - target: {fileID: 7453768634087521037, guid: 09388b17e4ec04640a285acc8ea45938, type: 3}
      propertyPath: m_LocalEulerAnglesHint.x
      value: 0
      objectReference: {fileID: 0}
    - target: {fileID: 7453768634087521037, guid: 09388b17e4ec04640a285acc8ea45938, type: 3}
      propertyPath: m_LocalEulerAnglesHint.y
      value: 0
      objectReference: {fileID: 0}
    - target: {fileID: 7453768634087521037, guid: 09388b17e4ec04640a285acc8ea45938, type: 3}
      propertyPath: m_LocalEulerAnglesHint.z
      value: 0
      objectReference: {fileID: 0}
    m_RemovedComponents: []
  m_SourcePrefab: {fileID: 100100000, guid: 09388b17e4ec04640a285acc8ea45938, type: 3}
--- !u!4 &35250777042258443 stripped
Transform:
  m_CorrespondingSourceObject: {fileID: 7453768634087521037, guid: 09388b17e4ec04640a285acc8ea45938, type: 3}
  m_PrefabInstance: {fileID: 7425353254647968006}
  m_PrefabAsset: {fileID: 0}
--- !u!1001 &8316299219767838870
PrefabInstance:
  m_ObjectHideFlags: 0
  serializedVersion: 2
  m_Modification:
    m_TransformParent: {fileID: 7209151643971928766}
    m_Modifications:
    - target: {fileID: 291349068580564958, guid: 80171b8bcee45924ba8c53766a8c2c37, type: 3}
      propertyPath: m_Name
      value: PoolCircle
      objectReference: {fileID: 0}
    - target: {fileID: 1099094653842683236, guid: 80171b8bcee45924ba8c53766a8c2c37, type: 3}
      propertyPath: m_RootOrder
      value: 8
      objectReference: {fileID: 0}
    - target: {fileID: 1099094653842683236, guid: 80171b8bcee45924ba8c53766a8c2c37, type: 3}
      propertyPath: m_LocalPosition.x
      value: 45
      objectReference: {fileID: 0}
    - target: {fileID: 1099094653842683236, guid: 80171b8bcee45924ba8c53766a8c2c37, type: 3}
      propertyPath: m_LocalPosition.y
      value: 0.099999
      objectReference: {fileID: 0}
    - target: {fileID: 1099094653842683236, guid: 80171b8bcee45924ba8c53766a8c2c37, type: 3}
      propertyPath: m_LocalPosition.z
      value: -13.75
      objectReference: {fileID: 0}
    - target: {fileID: 1099094653842683236, guid: 80171b8bcee45924ba8c53766a8c2c37, type: 3}
      propertyPath: m_LocalRotation.w
      value: 1
      objectReference: {fileID: 0}
    - target: {fileID: 1099094653842683236, guid: 80171b8bcee45924ba8c53766a8c2c37, type: 3}
      propertyPath: m_LocalRotation.x
      value: 0.000000021855694
      objectReference: {fileID: 0}
    - target: {fileID: 1099094653842683236, guid: 80171b8bcee45924ba8c53766a8c2c37, type: 3}
      propertyPath: m_LocalRotation.y
      value: -0
      objectReference: {fileID: 0}
    - target: {fileID: 1099094653842683236, guid: 80171b8bcee45924ba8c53766a8c2c37, type: 3}
      propertyPath: m_LocalRotation.z
      value: -0
      objectReference: {fileID: 0}
    - target: {fileID: 1099094653842683236, guid: 80171b8bcee45924ba8c53766a8c2c37, type: 3}
      propertyPath: m_LocalEulerAnglesHint.x
      value: 0
      objectReference: {fileID: 0}
    - target: {fileID: 1099094653842683236, guid: 80171b8bcee45924ba8c53766a8c2c37, type: 3}
      propertyPath: m_LocalEulerAnglesHint.y
      value: 0
      objectReference: {fileID: 0}
    - target: {fileID: 1099094653842683236, guid: 80171b8bcee45924ba8c53766a8c2c37, type: 3}
      propertyPath: m_LocalEulerAnglesHint.z
      value: 0
      objectReference: {fileID: 0}
    m_RemovedComponents: []
  m_SourcePrefab: {fileID: 100100000, guid: 80171b8bcee45924ba8c53766a8c2c37, type: 3}
--- !u!4 &8946869977706413554 stripped
Transform:
  m_CorrespondingSourceObject: {fileID: 1099094653842683236, guid: 80171b8bcee45924ba8c53766a8c2c37, type: 3}
  m_PrefabInstance: {fileID: 8316299219767838870}
  m_PrefabAsset: {fileID: 0}
